 Dungeon Crawl Stone Soup version 0.20.1-1-g8b1a95d (webtiles) character file.

107 Jukra the Skirmisher (level 4, -2/36 HPs)
             Began as a Demonspawn Abyssal Knight on July 24, 2017.
             Was a Believer of Lugonu.
             Slain by a gnoll
             ... wielding a +0 spear
              (6 damage)
             ... on level 2 of the Dungeon on Aug 7, 2017.
             The game lasted 00:09:33 (2055 turns).

Jukra the Skirmisher (Demonspawn Abyssal Knight)    Turns: 2055, Time: 00:09:33

Health: -2/36      AC: 11    Str: 14    XL:     4   Next: 57%
Magic:  0/5        EV:  4    Int: 13    God:    Lugonu [**....]
Gold:   54         SH:  0    Dex: 14    Spells: 3/3 levels left

rFire    + . .     SeeInvis .   s - +0 trident
rCold    . . .     Gourm    .   (no shield)
rNeg     . . .     Faith    +   l - +0 plate armour
rPois    .         Spirit   +   (no helmet)
rElec    .         Reflect  .   (no cloak)
rCorr    .         Harm     .   (no gloves)
MR       .....                  (no boots)
Stlth    ..........             e - amulet of faith
Regen    0.2/turn               (no ring)
MPRegen  0.1/turn               (no ring)

@: flying
A: thin skeletal structure 1, fire resistance 1, magic shield
a: Depart the Abyss, Bend Space, Renounce Religion


You were on level 2 of the Dungeon.
You worshipped Lugonu.
Lugonu was pleased with you.
You were not hungry.

You visited 1 branch of the dungeon, and saw 2 of its levels.
You visited the Abyss 1 time.

You collected 54 gold pieces.

Inventory:

Hand Weapons
 a - a +1 hand axe
 i - a cursed -3 whip
 s - a +0 trident (weapon)
 t - a +0 dagger of freezing
Armour
 b - a +0 leather armour
 l - a +0 plate armour (worn)
 n - a +0 ring mail
 p - a +0 ring mail
 q - a +0 ring mail
Jewellery
 e - an amulet of faith (around neck)
Scrolls
 f - 2 scrolls of identify {unknown}
 g - a scroll of enchant armour {unknown}
 h - a scroll of amnesia {unknown}
 j - a scroll of enchant weapon {unknown}
 r - a scroll of fog {unknown}
Potions
 k - a potion of berserk rage {unknown}
 m - a potion of heal wounds {unknown}
 o - a potion of lignification {unknown}
Comestibles
 c - a bread ration
 u - a meat ration


   Skills:
 * Level 3.6 Fighting
 - Level 2.9 Axes
 * Level 0.1(1.7) Polearms
 * Level 2.6 Armour
 * Level 1.5 Dodging
 + Level 2.6 Invocations


You had 3 spell levels left.
You didn't know any spells.

Dungeon Overview and Level Annotations

Branches:
Dungeon (2/15)

Altars:
Cheibriados
Makhleb
Trog


Innate Abilities, Weirdness & Mutations

You have a somewhat thin skeletal structure. (Dex +2, Stealth)
Your flesh is heat resistant. (rF+)
When hurt, damage is shared between your health and your magic reserves.


Message History

* * * LOW HITPOINT WARNING * * *
The gnoll hits you but does no damage.
It was a potion of flight.
You feel very buoyant.
You fly up into the air.
The gnoll hits you but does no damage. x2
Welcome back, Jukra the Demonspawn Abyssal Knight.
Lugonu says: Spread carnage and corruption!
Press ? for a list of commands and other information.
You puncture the gnoll!
You kill the gnoll!
Lugonu accepts your kill. The gnoll barely misses you.
The gnoll hits you but does no damage.
Things that are here:
a hunting sling; a whip of freezing A gnoll is nearby!
The gnoll hits you but does no damage.
You puncture the gnoll!
The gnoll is severely wounded.
The gnoll hits you with a spear.
You die...

.)...###..#.########..#####
##.###
#...>.......†......^. #.#
##.#.################
#.######.#.# ###
#........#.# ..#
##########.##.#.# #.##.#.#
########.##.#.#
#........##.#@# ####.####
####.#g# ........# #.#.#
####.##.# #.#.## ##.##.#
#)...# #
##...#.######..#......
#.................#####
#.#...#.###########
.....##<#


You could see a gnoll.

Vanquished Creatures
  2 gnolls (D:2)
  An adder (D:2)
  An ooze (D:1)
  A dart slug (D:1)
  A leopard gecko (D:2)
  7 bats
  4 giant cockroaches
  4 hobgoblins
  16 jackals
  7 kobolds
  A ball python (D:2)
  6 frilled lizards
  8 goblins
  7 rats
66 creatures vanquished.

Notes
Turn   | Place    | Note
-------+----------+-------------------------------------------
     0 | Abyss:1  | Jukra the Demonspawn Abyssal Knight began the quest for the Orb.
     0 | Abyss:1  | Reached XP level 1. HP: 18/18 MP: 2/2
    82 | Abyss:1  | Noticed a blink frog
    83 | Abyss:1  | Noticed a blink frog
    83 | Abyss:1  | Noticed a blink frog
    87 | D:1      | Escaped the Abyss
   125 | D:1      | Gained mutation: When hurt, damage is shared between your health and your magic reserves. [demonic ancestry]
   125 | D:1      | Reached XP level 2. HP: 7/24 MP: 3/3
   527 | D:1      | Reached * piety under Lugonu
   607 | D:1      | Reached skill level 1 in Dodging
   676 | D:1      | Gained mutation: You have a somewhat thin skeletal structure. (Dex +2, Stealth) [demonic ancestry]
   676 | D:1      | Reached XP level 3. HP: 22/29 MP: 2/4
   977 | D:1      | Reached ** piety under Lugonu
  1355 | D:2      | Gained mutation: Your flesh is heat resistant. (rF+) [demonic ancestry]
  1355 | D:2      | Reached XP level 4. HP: 32/35 MP: 3/5
  1489 | D:2      | Found a snail-covered altar of Cheibriados.
  1841 | D:2      | Found a bloodstained altar of Trog.
  1841 | D:2      | Found a burning altar of Makhleb.
  2055 | D:2      | Slain by a gnoll

Skill      XL: |  1  2 |
---------------+-------+-----
Armour         | 2 |  2.6
Axes           | 2 |  2.9
Dodging        | 1 |  1.5
Fighting       | |  3.6
Polearms       | |  0.1
Invocations    | |  2.6

Action                   |  1- 3 |  4- 6 || total
-------------------------+-------+-------++-------
Melee: Hand axe          |   155 |    31 ||   186
       Trident           |       |    33 ||    33
Invok: Depart the Abyss  |     1 |       ||     1
  Use: Potion            |       |     1 ||     1
  Eat: Chunk             |       |     2 ||     2
       Meat ration       |       |     1 ||     1
Armor: Leather armour    |    48 |       ||    48
       Plate armour      |    61 |    57 ||   118
Dodge: Dodged            |   107 |    10 ||   117
